[Event "Grandiscacchi GM Festival 2022"]
[Site "Montebelluna"]
[Date "2022.05.17"]
[Round "4.3"]
[White "Fishchuk, Vladyslav"]
[Black "Kalogridis, Antonios"]
[Result "0-1"]
[ECO "A34"]
[WhiteElo "2102"]
[BlackElo "2306"]
[Annotator "TA"]
[PlyCount "104"]
[EventDate "2022.05.17"]
[EventType "swiss"]
[EventCountry "ITA"]
[SourceTitle "playchess.com"]
[Source "ChessBase"]
[SourceQuality "1"]
[TimeControl "40/3600+30:1800+30"]

1. c4 Nf6 2. Nc3 c5 3. Nf3 d5 4. cxd5 Nxd5 5. g3 Nc6 6. Bg2 Nc7 7. d3 e5 8. Nd2 Be7 {[%emt 0:01:03] A34: Symmetrical English: 2 Nc3, lines with ...d5.} 9. Bxc6+ bxc6 10. Qa4 Bd7 {[%emt 0:04:21] The position is equal.} 11. Nc4 f6 12. Be3 Ne6 13. Rc1 O-O 14. O-O {[%emt 0:00:56] [#]} Qc7 $146 ({Predecessor:} 14... Nd4 15. Rfe1 Bg4 16. f3 Bxf3 17. exf3 Nxf3+ 18. Kg2 Nxe1+ 19. Rxe1 Qd7 20. Rd1 Rab8 {0-1 (50) Bopp,T (2215)-Eisenbeiser,A (2233) Budapest 2003}) 15. Qa5 Qb7 16. Rfe1 Rfc8 17. Ne4 Qb5 18. Qc3 {[%emt 0:01:29] Hoping for Ncd6.} Rcb8 19. b3 Qb4 20. Qa1 (20. Nb2 $16) 20... Nd4 21. Bd2 Qb7 22. Nb2 Qb5 23. Na4 Bg4 24. Nec3 {[%emt 0:07:52] Pair of Knights!} (24. Rc4 $1 $14) 24... Qb7 25. f3 Bxf3 26. exf3 $14 Nxf3+ 27. Kg2 Nxd2 28. Qb2 (28. Re2 $5 ) 28... Nxb3 29. axb3 Qxb3 (29... c4 $5) 30. Qe2 Rb4 31. Rb1 Qe6 32. Nb2 Rd4 (32... a5 $11) 33. Qc2 (33. Nc4 $14) 33... Rad8 34. Ne2 Qd5+ (34... Rb4 $5 ) 35. Kg1 (35. Kf2 $5 Rb4 36. Nc3 Qd4+ 37. Kf1 $15) 35... Rb4 {[%emt 0:00:00][%cal Oc5c4] aiming for ...c4!} 36. Red1 $2 {[%emt 0:00:00] [#] White does not recover from this.} (36. Nc3 $11 Qd4+ 37. Kf1) 36... c4 $1 $19 37. h3 ({But not} 37. Nxc4 $2 Bc5+ 38. d4 Rxc4 $19) 37... Qc5+ 38. Kg2 cxd3 39. Qxc5 Bxc5 40. Rxd3 $2 (40. Nc3) 40... Rxd3 {[%emt 0:00:00] Black is clearly winning.} 41. Nxd3 Rxb1 42. Nxc5 Rb5 43. Na4 Kf7 44. Kf3 a5 45. Nec3 Rb4 46. Ke3 f5 47. Nc5 Rc4 48. N3a4 e4 {[%emt 0:00:36][%cal Be5e4,Be4e3][%mdl 32] [#] ...g5 is the strong threat.} 49. Kf4 g6 50. h4 h6 {[%emt 0:00:34] Strongly threatening ...Kf6.} 51. h5 gxh5 52. Kxf5 e3 {[%emt 0:00:05] Weighted Error Value: White=0.38/Black=0.11 (very precise)} 0-1

[Event "Grandiscacchi GM Festival 2022"]
[Site "Montebelluna"]
[Date "2022.05.17"]
[Round "4.4"]
[White "Siddharth, Jagadeesh"]
[Black "Martinovici, Ilia"]
[Result "1/2-1/2"]
[ECO "D37"]
[WhiteElo "2393"]
[BlackElo "2408"]
[Annotator "TA"]
[PlyCount "104"]
[EventDate "2022.05.17"]
[EventType "swiss"]
[EventCountry "ITA"]
[SourceTitle "playchess.com"]
[Source "ChessBase"]
[SourceQuality "1"]
[TimeControl "40/3600+30:1800+30"]

1. d4 Nf6 2. c4 e6 3. Nf3 d5 4. Nc3 Be7 5. Bf4 O-O 6. e3 Nbd7 7. c5 {[%emt 0:01:57] D37: Queen's Gambit Declined: 5 Bf4.} b6 (7... Nh5 $11) 8. b4 (8. c6 $14 Nb8 9. Qa4) 8... a5 9. a3 c6 {[%emt 0:00:04] Against Bb5} 10. h3 h6 {[%emt 0:00:05] seems to push 10...Ba6 aside.} 11. Bd3 Ba6 {[%emt 0:00:05] White must now prevent ...Bxd3.} 12. O-O Qc8 13. Re1 Qb7 14. Bc2 axb4 15. axb4 Bc4 {[%emt 0:00:09] [#]} 16. Qd2 $146 ({Predecessor:} 16. Rb1 Ra3 17. Qd2 bxc5 18. bxc5 Qa7 19. e4 Bd8 20. e5 Ba5 21. exf6 Bxc3 22. Qc1 Nxf6 23. Bxh6 {1-0 (33) Ding,L (2799)-Nakamura,H (2736) Chess.com INT 2021}) 16... Rxa1 17. Rxa1 Ra8 18. Qc1 Bd8 19. Nd2 b5 20. Ra3 Ne8 21. Qa1 Rxa3 22. Qxa3 Bc7 23. Nf3 g5 24. Bxc7 {[%emt 0:00:24] White is more active.} Nxc7 25. Qa5 Kf8 26. e4 Ke7 27. Nd2 (27. e5 $16) 27... Kd8 28. Nxc4 dxc4 29. Qa1 Ke7 30. Bd1 Nf6 31. Bf3 Qa6 32. Qc1 Qa8 33. g3 Qd8 34. Qe3 Qa8 35. Kg2 Na6 {[%emt 0:00:00] [#]} (35... Qd8 $11) 36. d5 $1 $16 Nxb4 37. d6+ Kd7 {[%emt 0:00:00] aiming for ...Nd3.} 38. e5 (38. Be2 $5 ) 38... Nfd5 $36 {[%emt 0:00:00][%mdl 2048] Black has the initiative.} 39. Bxd5 {[%emt 0:04:27] Chess con chili.} Nxd5 $11 {[%emt 0:00:00][%mdl 4096] Endgame KQN-KQN} 40. Qf3 Qe8 41. Nxd5 exd5 {[%emt 0:24:27] KQ-KQ} ({Don't play} 41... cxd5 42. Qa3 Qc8 43. Qa7+ Kc6 44. Qb6+ Kd7 45. Qa7+ Kc6 46. Qb6+ Kd7 47. Qxb5+ Qc6 48. Qb8 $16) 42. Qa3 d4 {[%emt 0:06:03] Hoping for ...d3.} (42... Qxe5 $2 43. Qa7+ Ke8 44. Qb8+ Kd7 45. Qa7+ Ke8 46. Qb8+ Kd7 47. Qa7+ $18) 43. f4 gxf4 44. gxf4 f5 45. Qa7+ Ke6 46. Qg7 {[%emt 0:00:55] Qf6+ is the strong threat.} Qf7 {[%emt 0:14:03] Prevents Qf6+.} 47. Qh8 c3 {[%emt 0:10:00][%cal Bc4c3,Bc3c2][%mdl 32] Threatens to win with ...c2.} 48. Qc8+ Kd5 {[%emt 0:06:51] ( -> ...c2)} 49. d7 Qg6+ $2 {[%emt 0:04:06][%mdl 8192] [#]} (49... Kc4 $11 50. d8=Q c2) 50. Kf2 $2 (50. Kf3 $1 $18 Qh5+ 51. Kg3) 50... c2 $1 {[%emt 0:00:11] The position is equal.} 51. d8=Q+ Ke4 $1 52. Qcd7 Qg1+ $1 {[%emt 0:00:42][%mdl 64] Decoy.  Weighted Error Value: White=0.25 (precise) /Black=0.09 (flawless)} 1/2-1/2

[Event "Grandiscacchi GM Festival 2022"]
[Site "Montebelluna"]
[Date "2022.05.17"]
[Round "4.5"]
[White "Ojas Kulkarni"]
[Black "Shahil Dey"]
[Result "0-1"]
[ECO "B22"]
[WhiteElo "2235"]
[BlackElo "2369"]
[Annotator "TA"]
[PlyCount "108"]
[EventDate "2022.05.17"]
[EventType "swiss"]
[EventCountry "ITA"]
[SourceTitle "playchess.com"]
[Source "ChessBase"]
[SourceQuality "1"]
[TimeControl "40/3600+30:1800+30"]

1. e4 {[%emt 0:00:02] ChessBase II} c5 2. c3 d5 3. exd5 Qxd5 4. d4 Nf6 5. Nf3 Bg4 6. Nbd2 cxd4 7. Bc4 Qh5 {[%emt 0:04:28] B22: Sicilian: 2 c3.} 8. Qb3 Nbd7 9. cxd4 Rb8 (9... e6 $14) 10. O-O b5 11. Be2 Qd5 12. Qe3 (12. Nb1 $16) 12... e6 $1 $14 {[%emt 0:01:18] [#]} 13. a4 $146 ({Predecessor:} 13. Nb1 b4 14. b3 Nb6 15. Nbd2 Be7 16. Nc4 O-O 17. h3 Bh5 18. g4 Bg6 19. Nfe5 {0-1 (30) Gantner,L (2044)-Loiret,S (2264) Issy les Moulineaux 2008 EXT 2010 [ChessBase II]}) 13... a6 14. axb5 axb5 15. h3 Bh5 {[%emt 0:01:12] [#]} 16. Nb1 ({White should play} 16. g4 $1 $16 Bg6 17. g5) 16... b4 $11 17. Nbd2 Be7 $1 18. Bc4 Qb7 19. Ne5 O-O 20. Nb3 Nb6 21. Bd3 Ra8 22. Bd2 Nbd5 23. Qg3 Bg6 24. Nc5 Qb6 25. Bxg6 hxg6 26. Ned7 Nxd7 27. Nxd7 Qxd4 {[%emt 0:00:11] And now ...Rxa1 would win.} 28. Nxf8 Rxf8 29. Bc1 Bf6 30. Rb1 Qe4 31. Bg5 Be5 32. Qb3 Qf5 33. Be3 g5 34. Rbd1 Bd6 (34... Nxe3 $11 35. fxe3 Qe4) 35. Rfe1 $16 Qe5 36. g3 {[%emt 0:00:00][%cal Oe3c5] Bc5! is the strong threat.} Qf5 37. Bc1 (37. Kg2 $16) 37... Bc5 $36 {[%emt 0:00:00][%mdl 2048] Black fights for an advantage.} 38. Rf1 Qxh3 {[%emt 0:00:00][%cal Od5c3] aiming for ...Nc3!} 39. Bxg5 $2 {[%emt 0:00:00][%mdl 8192] [#] This move loses the game for White.} (39. Qf3 $15) 39... Nc3 $1 $19 40. bxc3 Qxg3+ $1 41. Kh1 Qh3+ (41... Qxg5 42. cxb4 Qh4+ 43. Kg2 $11) 42. Kg1 Qg4+ ({Not} 42... bxc3 43. Qb7 $16) 43. Kh1 Qh5+ ({Worse is} 43... Qxg5 44. cxb4 Qh4+ 45. Kg2 $11) 44. Kg2 {[%emt 0:00:13] Hoping for Bf4.} Qxg5+ 45. Kf3 Qf6+ 46. Ke2 $2 (46. Kg2 bxc3 47. Rd3 Qg6+ 48. Rg3 Qe4+ 49. Rf3) 46... Qe5+ 47. Kd3 (47. Kf3 $142 bxc3 48. Qc4) 47... Qf5+ (47... Rd8+ $142 48. Kc2 Qe4+ 49. Kc1 Ra8) 48. Kc4 Rc8 {[%emt 0:00:29] Black mates.} 49. Qb1 Be7+ 50. Kb3 Rxc3+ 51. Kb2 Qe5 52. Rde1 Re3+ 53. Kc2 Qc3+ 54. Kd1 Rd3+ {[%emt 0:00:04] Weighted Error Value: White=0.60/Black=0.30} 0-1

[Event "Grandiscacchi GM Festival 2022"]
[Site "Montebelluna"]
[Date "2022.05.18"]
[Round "5.1"]
[White "Pantsulaia, Levan"]
[Black "Kalogridis, Antonios"]
[Result "1-0"]
[ECO "A30"]
[WhiteElo "2587"]
[BlackElo "2306"]
[Annotator "TA"]
[PlyCount "93"]
[EventDate "2022.05.17"]
[EventType "swiss"]
[EventCountry "ITA"]
[SourceTitle "playchess.com"]
[Source "ChessBase"]
[SourceQuality "1"]
[TimeControl "40/3600+30:1800+30"]

1. Nf3 Nf6 2. g3 g6 3. b3 Bg7 4. Bb2 b6 5. d4 Bb7 6. c4 O-O 7. Bg2 c5 8. O-O d5 {[%emt 0:00:03] A30: Symmetrical English: Double Fianchetto and Hedgehog.} 9. dxc5 dxc4 10. Qxd8 Rxd8 {[%emt 0:00:08] The position is equal.} 11. cxb6 axb6 12. bxc4 Na6 13. Nbd2 {[%emt 0:12:38] [#]} Ne4 $146 ({Predecessor:} 13... Nc5 14. Nb3 Ra4 15. Rfc1 Rda8 16. Nxc5 bxc5 17. a3 Ne8 18. Bxg7 Kxg7 19. Rc3 Nd6 {1-0 (41) Buckels,V (2453)-Chittka,J (2317) Vienna 2019}) 14. Bxg7 Nxd2 15. Nxd2 Bxg2 16. Kxg2 Kxg7 17. Nf3 Nc5 18. Rfb1 Rd6 19. a3 Rc8 20. Rb4 Na6 21. Ra4 Nc5 22. Ra7 Nd7 23. Rc1 Kf8 24. Rc2 Ke8 25. Rd2 Rxd2 26. Nxd2 $14 {[%emt 0:00:00][%mdl 4096] Endgame KRN-KRN} Nc5 27. Nf1 e6 28. Ne3 h5 29. Kf1 Rc6 30. Ke1 Rd6 31. f3 Rd4 32. h4 Rd8 {[%emt 0:00:00] Black is on the road to losing.} (32... Nd7 $14) 33. Nd1 $1 $16 Rd4 34. Nb2 Nd7 {[%emt 0:00:00] [#]} (34... f5 $16 {keeps fighting.}) 35. Nd3 $1 $18 Rd6 (35... Rxc4 $2 {[#]} 36. Rxd7 $1 Rxh4 37. Rb7 Rh1+ 38. Kf2 $18) 36. Kd2 f6 (36... Kd8 {is a better defense.} 37. a4 Rc6) 37. Kc3 Rc6 38. Kb4 Rc8 39. a4 g5 40. Kb5 gxh4 41. gxh4 Kd8 42. a5 bxa5 43. c5 ({Inferior is} 43. Kxa5 Rxc4 44. Kb5 Rxh4 $11) ({Less strong is} 43. Rxa5 Rb8+ 44. Ka4 Rb1 $16) 43... a4 (43... Rb8+ {might work better.} 44. Kc6 (44. Kxa5 Rb3 $18) 44... Rc8+ 45. Kd6 Nb8 46. Kxe6 Rc6+ 47. Kd5 Ra6) 44. Rxa4 {[%emt 0:01:31] White is clearly winning.} Rb8+ (44... e5 $142 45. Ra7 Nf8) 45. Kc6 Ke7 46. Ra7 Rc8+ 47. Rc7 {[%emt 0:00:08] Weighted Error Value: White=0.06 (flawless) /Black=0.29 (precise)} 1-0

[Event "Grandiscacchi GM Festival 2022"]
[Site "Montebelluna"]
[Date "2022.05.18"]
[Round "5.2"]
[White "Rozen, Eytan"]
[Black "Loiseau, Quentin"]
[Result "1/2-1/2"]
[ECO "D30"]
[WhiteElo "2425"]
[BlackElo "2445"]
[Annotator "TA"]
[PlyCount "117"]
[EventDate "2022.05.17"]
[EventType "swiss"]
[EventCountry "ITA"]
[SourceTitle "playchess.com"]
[Source "ChessBase"]
[SourceQuality "1"]
[TimeControl "40/3600+30:1800+30"]

1. c4 c6 2. Nf3 d5 3. e3 Nf6 4. b3 e6 5. Bb2 Bd6 6. d4 O-O 7. Bd3 Nbd7 8. O-O Ne4 9. Nbd2 f5 10. Ne5 {[%emt 0:03:14] D30: Queen's Gambit Declined: Systems without Nc3.} Nxe5 11. dxe5 Bc5 12. Nf3 {[%emt 0:03:31] White is slightly better.} a5 13. Qc2 Qe7 14. a3 Bd7 {[%emt 0:00:33] [#]} 15. Nd4 $146 ({Predecessor:} 15. a4 Rac8 16. Bd4 b6 17. Rac1 g5 18. Bxc5 bxc5 19. Ne1 g4 20. f3 gxf3 21. gxf3 {0-1 (29) Malyshev,R (2131)-Inarkiev,E (2668) Minsk 2015}) 15... Rfc8 16. f3 Ng5 17. Rfc1 Nf7 18. f4 Nh6 19. cxd5 cxd5 {[%emt 0:00:34] [#] ...Bxd4 is the strong threat.} 20. Qe2 Qd8 21. Bb5 Qe8 22. a4 Nf7 23. Qd3 Nd8 24. g3 Bb6 (24... b6 $11 {keeps the balance.}) 25. Ba3 {[%emt 0:01:20] 0x0.0024da2ec2bfdp-1022s more active pieces. The black rooks are badly placed.} (25. Rxc8 $16 Rxc8 26. Kg2) 25... Nc6 $11 {[%emt 0:00:42] The position is equal.} 26. Bxc6 Bxc6 27. Bc5 Bb5 28. Qxb5 Qxb5 29. Nxb5 Bxc5 30. Kf2 Kf7 31. Kf3 Rc6 32. Rc2 Ke7 33. Rac1 Rac8 34. Ke2 Bxe3 35. Rxc6 Rxc6 36. Rxc6 bxc6 37. Kxe3 cxb5 {[%emt 0:00:00][%mdl 4096] Endgame KP-KP} 38. Kd4 bxa4 39. bxa4 Kd7 {[%emt 0:00:00] [#] And now ...Kc6 would win.} 40. Kc5 Kc7 41. Kb5 h6 42. h4 h5 (42... d4 $5 43. Kc4 Kc6 $11) 43. Kc5 Kc8 (43... g6 $5) 44. Kb5 $1 ({Don't go for} 44. Kd6 $2 d4 45. Kc6 d3 $19) 44... Kb7 45. Kxa5 Kc6 {[%emt 0:00:02] aiming for ...Kc5.} 46. Kb4 Kb6 47. Kc3 Kc5 (47... Ka5 $5 48. Kb3 g6 $11) 48. Kb3 $1 Kc6 49. Kb4 Kb6 50. Kc3 Ka5 (50... Kc5 $5) 51. Kb3 d4 (51... g6 $5) 52. Kc4 Kxa4 53. Kxd4 Kb4 54. Kd3 Kc5 55. Kc3 Kd5 56. Kd3 g6 57. Ke3 Kc4 58. Ke2 Kd4 59. Kd2 {[%emt 0:00:02] Weighted Error Value: White=0.06 (flawless) /Black=0.06 (flawless)} 1/2-1/2

[Event "Grandiscacchi GM Festival 2022"]
[Site "Montebelluna"]
[Date "2022.05.18"]
[Round "5.3"]
[White "Shahil Dey"]
[Black "Safarli, Eltaj"]
[Result "0-1"]
[ECO "B29"]
[WhiteElo "2369"]
[BlackElo "2600"]
[Annotator "TA"]
[PlyCount "96"]
[EventDate "2022.05.17"]
[EventType "swiss"]
[EventCountry "ITA"]
[SourceTitle "playchess.com"]
[Source "ChessBase"]
[SourceQuality "1"]
[TimeControl "40/3600+30:1800+30"]

1. e4 c5 2. Nf3 Nf6 3. e5 Nd5 4. Nc3 e6 5. Nxd5 exd5 6. d4 Nc6 7. c3 cxd4 {[%emt 0:00:22] B29: Sicilian: 2 Nf3 Nf6 (Nimzowitsch Variation).} 8. Nxd4 d6 9. Bb5 Bd7 {[%emt 0:00:06] White has an edge.} 10. exd6 Bxd6 11. Qe2+ Be7 {[%emt 0:09:35] [#]} 12. Be3 $146 ({Predecessor:} 12. Bg5 Nxd4 13. cxd4 Qa5+ 14. Kd1 O-O 15. Bxe7 Bxb5 16. Qd2 Ba4+ 17. b3 Bxb3+ 18. Ke1 {0-1 (25) Remizov,Y (2385)-Le,T (2514) Chess.com INT 2020}) 12... O-O 13. O-O Re8 14. Bd3 g6 {[%emt 0:03:39] Prevents Qh5.} 15. Qd2 Ne5 16. Rfe1 Bf6 17. b3 Qa5 18. Rac1 Ng4 19. b4 Qc7 20. Bf4 {[%emt 0:06:26] [#]} Bg5 $1 21. Rxe8+ (21. g3 Rxe1+) 21... Rxe8 22. g3 Bxf4 23. Qxf4 Qxf4 24. gxf4 Nf6 25. Kg2 Nh5 26. Kf3 Bh3 27. Rg1 Rc8 28. Ne2 f5 {[%emt 0:04:56] Threatens to win with ...Re8.} 29. Ke3 Re8+ $1 30. Kd2 $1 {[%emt 0:00:00] [#]} Bg4 $1 $36 {[%emt 0:00:00][%mdl 2048] Black fights for an advantage.} 31. Nd4 Nxf4 32. f3 Bh3 33. Bb5 Re7 34. Ba4 {[%emt 0:00:00] Black converts the advantage convincingly.} Kf7 35. Bd1 Kf6 36. a4 g5 37. b5 Ne6 {[%emt 0:00:00] Black is more active.} 38. Bb3 (38. Nxe6 $17 {keeps fighting.} Rxe6 39. Rg3) 38... Nxd4 $19 39. cxd4 {[%emt 0:00:06][%mdl 4096] Endgame KRB-KRB} f4 40. a5 (40. Re1 $142) 40... h5 41. Bxd5 Rd7 42. Be4 Rxd4+ 43. Kc3 $2 {[%emt 0:00:18] [#]} (43. Ke2 Ra4 44. b6) 43... Rxe4 $1 {[%emt 0:00:50][%mdl 512] Black is clearly winning.} 44. fxe4 (44. Rc1 Re3+) 44... f3 45. Rg3 Bg2 46. e5+ Kf5 47. e6 Kxe6 {[%emt 0:00:10] And now ...f2 would win.} ({And not} 47... h4 48. e7 hxg3 49. e8=Q $11) 48. Rxg5 f2 {[%emt 0:00:12] Weighted Error Value: White=0.34/Black=0.02 (flawless)} 0-1

[Event "Grandiscacchi GM Festival 2022"]
[Site "Montebelluna"]
[Date "2022.05.18"]
[Round "5.4"]
[White "Siddharth, Jagadeesh"]
[Black "Fishchuk, Vladyslav"]
[Result "1/2-1/2"]
[ECO "D50"]
[WhiteElo "2393"]
[BlackElo "2102"]
[Annotator "TA"]
[PlyCount "62"]
[EventDate "2022.05.17"]
[EventType "swiss"]
[EventCountry "ITA"]
[SourceTitle "playchess.com"]
[Source "ChessBase"]
[SourceQuality "1"]
[TimeControl "40/3600+30:1800+30"]

1. d4 Nf6 2. c4 e6 3. Nf3 d5 4. Nc3 c5 5. cxd5 cxd4 6. Qxd4 exd5 7. Bg5 Be7 8. e3 h6 {[%emt 0:01:30] [#] D50: Queen's Gambit Declined: Dutch-Peruvian Gambit.} (8... O-O $11) 9. Bf4 $146 (9. Bxf6 $14 Bxf6 10. Qc5) ({Predecessor:} 9. Bh4 Be6 10. Bb5+ Kf8 11. O-O Nc6 12. Bxc6 bxc6 13. Na4 Qa5 14. Rfc1 Rc8 15. Nc5 Qb6 16. Nxe6+ fxe6 {1-0 (34) Kockum,A (2367)-Castrillon Gomez,M (2227) Gothenburg 2019}) 9... Nc6 $11 10. Qd3 O-O {[%emt 0:00:24] The position is equal.} 11. Be2 Be6 12. O-O Qb6 13. a3 a6 (13... Qxb2 $2 14. Rfb1 Bf5 15. Rxb2 $18) 14. b4 Rac8 15. h3 Rfd8 16. Rfd1 Qa7 17. Rac1 b5 18. Ne5 Qb7 19. Bf3 Nxe5 20. Bxe5 Rc4 21. Ne2 {[%emt 0:06:45] Rxc4 is the strong threat.} Ne4 22. Nf4 Bf5 23. Qe2 Qc8 (23... Bh4 $11) 24. Qb2 $16 Bf8 25. Be2 Rc6 26. Rxc6 Qxc6 27. Rc1 Qe8 28. Qd4 {[%emt 0:01:04] White is more active.} ({Better is} 28. Bc7 $16 Rd7 29. Bd3) 28... Rc8 29. Rxc8 {[%emt 0:03:53] White is slightly better.} Qxc8 30. Qb2 {[%emt 0:00:00] Inhibits Qc1+.} ({But not} 30. Qxd5 Qc1+ 31. Qd1 Qxa3 $15) 30... Qc6 31. Bf3 f6 {[%emt 0:28:42] Weighted Error Value: White=0.12 (very precise) /Black=0.18 (very precise)} 1/2-1/2

[Event "Grandiscacchi GM Festival 2022"]
[Site "Montebelluna"]
[Date "2022.05.18"]
[Round "5.5"]
[White "Martinovici, Ilia"]
[Black "Ojas Kulkarni"]
[Result "1/2-1/2"]
[ECO "A65"]
[WhiteElo "2408"]
[BlackElo "2235"]
[Annotator "TA"]
[PlyCount "131"]
[EventDate "2022.05.17"]
[EventType "swiss"]
[EventCountry "ITA"]
[SourceTitle "playchess.com"]
[Source "ChessBase"]
[SourceQuality "1"]
[TimeControl "40/3600+30:1800+30"]

1. d4 Nf6 2. c4 g6 3. f3 c5 4. d5 e6 5. Nc3 exd5 6. cxd5 d6 7. e4 Bg7 8. Nge2 $1 {[%emt 0:00:07][%cal Bg1e2,Be2g3,Bg3h1,Bh1f2][%mdl 4] is recently more successful than 8.Bg5. A65: Modern Benoni: 6 e4.} a6 9. a4 Nbd7 10. Bg5 {[%emt 0:00:06] The position is equal.} h6 11. Be3 Qe7 12. Ng3 h5 13. Be2 Nh7 14. O-O {[%emt 0:02:11] [#]} h4 $146 ({Predecessor:} 14... O-O 15. Qd2 h4 16. Nh1 f5 17. exf5 gxf5 18. Rae1 Qxe3+ 19. Qxe3 Bd4 20. Qxd4 cxd4 21. Nb1 Nc5 {½-½ (74) Tang,A (2507)-Melkumyan,H (2650) chess24.com INT 2019}) 15. Nh1 g5 16. Qd2 {[%emt 0:00:59] White is more active.} Ne5 17. Nf2 O-O 18. Rae1 Bd7 19. f4 gxf4 20. Bxf4 b5 (20... Rae8 $14) 21. axb5 $16 axb5 22. Bxb5 Bxb5 23. Nxb5 Rab8 24. Qe2 Qd7 25. Nc3 f5 26. exf5 ({White should try} 26. Kh1 $16) 26... Qxf5 $14 27. Nfe4 Qg6 (27... Qg4 $1 $11 28. h3 (28. Qxg4 Nxg4 29. Bxd6 Bd4+ 30. Kh1 Rxf1+ 31. Rxf1 Rxb2 $14) 28... Qxe2 29. Rxe2 Nd3) 28. Ra1 Rbe8 29. h3 {[%emt 0:04:26] Inhibits Ng4.} Rf5 (29... Nd7 $14 30. Qg4 Qxg4 31. hxg4 Bd4+ 32. Kh2 Nhf6 33. Bxd6 (33. Nxd6 Rb8 $16) 33... Nxe4 34. Bxf8 Nxc3) 30. Bh2 ({White should play} 30. Bd2 $16 {Rxf5 is the strong threat.} Rxf1+ 31. Rxf1) 30... Rf4 31. Rf2 $2 (31. Rxf4 $18 Nf7 32. Qg4 Qxg4 33. Rxg4) 31... Rxf2 $11 32. Rd1 $2 Rf1+ $2 33. Rxf1 $14 Ng5 (33... Nf7 $1 $14 34. Qg4 Bd4+ 35. Kh1 Qxg4 36. hxg4 Bxc3 37. Nxc3 Nhg5) 34. Nxg5 Qxg5 35. Ne4 Qg6 36. Rf4 {[%emt 0:00:00] Prevents Ng4.} Ra8 37. Qf1 {[%emt 0:00:00] Prevents Ra1.} (37. Qd1 $16) 37... Bh6 $1 $11 38. Rf5 (38. Rxh4 $2 Rf8 39. Bf4 Qxe4 40. Rxh6 Rxf4 $19) 38... Nc4 (38... Be3+ 39. Kh1 $16) 39. Qf3 (39. Qxc4 $2 Be3+ 40. Kf1 Qxf5+ 41. Ke2 Bd4 $19) (39. Nf6+ $11 {was the only way to keep the balance.} Kg7 40. Nh5+ Kg8 41. Nf6+ Kg7 42. Nh5+ Kg8 43. Nf6+) 39... Ne3 $17 40. Rf6 ({Wrong is} 40. Nf6+ $2 Kh8 41. Bxd6 Ra1+ 42. Kh2 Nxf5 $19) 40... Qg7 (40... Ra1+ $17 41. Kf2 Qg7) 41. Bxd6 {[%emt 0:29:13] Dancing on a razor blade.} Ra1+ 42. Kh2 Nf1+ 43. Qxf1 $1 Rxf1 44. Rxf1 {[%emt 0:00:05] aiming for Rf8+.} Qd4 45. Nf6+ ({Don't blunder} 45. Nxc5 $2 Qxd5 46. Rf6 Bg7 $19) 45... Kh8 46. Rf5 Be3 47. Rf1 {[%emt 0:02:01] [#] Against Bg1+} (47. Be5 $11 Bg1+ 48. Kh1) 47... Bg5 (47... Qc4 $1 $17 48. Rf3 Qc1 49. Rxe3 Qxe3) 48. Ng4 $11 {[%emt 0:00:48] Black must now prevent Be5+.} Qxd5 49. Be5+ Kh7 50. Kh1 Qd3 51. Ra1 Qe2 {[%emt 0:01:01][%mdl 1024] Black has compensation.} 52. Bc3 Kg6 (52... Bd2 $5 ) 53. Ne5+ Kf5 54. Nf3 {[%emt 0:00:09] Prevents Bd2. And now Re1 would win.} Bf6 {[%emt 0:00:26] Black wants to play ...Bxc3.} 55. Re1 Qf2 56. Rc1 Bxc3 57. Rxc3 $15 {[%emt 0:00:04][%mdl 4096] Endgame KQ-KRN} Ke6 ({Reject} 57... Qxb2 58. Rxc5+ Kf4 59. Kh2 $14) 58. b3 Kd5 59. Rd3+ {[%emt 0:00:34] [#]} Kc6 $1 60. Rc3 Kb5 {[%emt 0:00:26] Threatens to win with ...Kb4.} 61. Ng1 Kb4 62. Rf3 Qe1 63. Kh2 Qd2 64. Kh1 Qe1 (64... Kb5 $17 65. g4 hxg3 66. Rxg3 Qc2) 65. Rd3 (65. Kh2 $1 $11 {keeps the balance.}) 65... Qf1 66. Rf3 {[%emt 0:00:03] Weighted Error Value: White=0.41/Black=0.27 (precise)} 1/2-1/2

[Event "Grandiscacchi GM Festival 2022"]
[Site "Montebelluna"]
[Date "2022.05.18"]
[Round "6.1"]
[White "Loiseau, Quentin"]
[Black "Jobava, Baadur"]
[Result "1/2-1/2"]
[WhiteElo "2445"]
[BlackElo "2600"]
[Annotator "TA"]
[PlyCount "27"]
[EventDate "2022.05.17"]
[EventType "swiss"]
[EventCountry "ITA"]
[SourceTitle "playchess.com"]
[Source "ChessBase"]
[SourceQuality "1"]
[TimeControl "40/3600+30:1800+30"]

1. e4 e5 2. Nf3 Nf6 3. d4 exd4 4. e5 Ne4 5. Qxd4 d5 6. exd6 Nxd6 7. Bg5 Nc6 8. Qe3+ Be7 9. Bxe7 Qxe7 {[%emt 0:00:22] C43: Petroff Defence: 3 d4.} 10. Qxe7+ {[%emt 0:00:10] [#] An uneventful encounter.} {Predecessor:} Nxe7 $146 11. Nc3 Bg4 12. Be2 O-O-O 13. O-O-O Nc6 14. Rhe1 {½-½ (14) Nasuta,G (2518)-Jobava,B (2603) Polanica Zdroj 2021} 1/2-1/2